 Dungeon Crawl Stone Soup version 0.24.0-125-gc4c63601f3 (webtiles) character file.

Game seed: 7964988429164004866, levelgen mode: deterministic

151 Curus the Chopper (level 5, 0/45 HPs)
             Began as a Minotaur Abyssal Knight on Mar 7, 2020.
             Was a Believer of Lugonu.
             Slain by an orc wizard
             ... wielding a +0 dagger
              (1 damage)
             ... on level 4 of the Dungeon.
             The game lasted 00:08:08 (2424 turns).

Curus the Chopper (Minotaur Abyssal Knight)         Turns: 2424, Time: 00:08:08

Health: 0/45       AC:  5    Str: 22    XL:     5   Next: 11%
Magic:  6/6        EV: 10    Int:  9    God:    Lugonu [**....]
Gold:   113        SH:  3    Dex: 10    Spells: 4/4 levels left

rFire    + . .     SeeInvis .   k - +1 war axe
rCold    . . .     Gourm    .   d - +0 buckler
rNeg     . . .     Faith    .   h - +0 ring mail (curse)
rPois    .         Spirit   .   (helmet restricted)
rElec    .         Reflect  .   (no cloak)
rCorr    .         Harm     +   (no gloves)
MR       .....                  (no boots)
Stlth    ..........             g - amulet of harm
HPRegen  0.15/turn              j - ring of protection from fire
MPRegen  0.10/turn              (no ring)

@: mighty, lethally poisoned (0 -> -4)
A: retaliatory headbutt, horns 2, [screaming 1]
a: Depart the Abyss, Bend Space, Renounce Religion


You were on level 4 of the Dungeon.
You worshipped Lugonu.
Lugonu was pleased with you.
You were hungry.

You visited 1 branch of the dungeon, and saw 4 of its levels.
You visited the Abyss 1 time.

You collected 113 gold pieces.

Inventory:

Hand Weapons
 a - a +1 hand axe
 k - a +1 war axe (weapon)
Armour
 b - a +1 leather armour
 d - a +0 buckler (worn)
 h - a cursed +0 ring mail (worn)
Jewellery
 g - an amulet of harm (around neck)
 j - a ring of protection from fire (left hand)
Scrolls
 e - a scroll of amnesia
 i - a scroll of remove curse
 l - a scroll of teleportation
Potions
 n - a potion of haste
Comestibles
 c - 6 rations


   Skills:
 - Level 3.6 Fighting
 + Level 4.8 Axes
 - Level 2.4 Armour
 - Level 1.1 Dodging
 + Level 3.9 Invocations


You had 4 spell levels left.
You didn't know any spells.
Your spell library was empty.

Dungeon Overview and Level Annotations

Branches:
Dungeon (4/15)
 Temple: D:4-7

Altars:
Dithmenos


Innate Abilities, Weirdness & Mutations

You reflexively headbutt those who attack you in melee.
You have a pair of horns on your head.
[You occasionally shout uncontrollably at your foes.]


Message History

Unknown command.
You feel very mighty all of a sudden.
* * * LOW HITPOINT WARNING * * *
You feel sick. The hound bites you.
* * * LOW HITPOINT WARNING * * *
The orc wizard casts a spell at you. The puff of flame hits you. You resist.
* * * LOW HITPOINT WARNING * * *
The hound bites you.
* * * LOW HITPOINT WARNING * * *
Something hits you but does no damage.
You closely miss something. You slash the orc wizard!
You kill the orc wizard!
Lugonu accepts your kill.
You have reached level 5!
You completely miss the hound.
* * * LOW HITPOINT WARNING * * *
You feel sick. The hound barely misses you.
The orc throws a boomerang.
You block the boomerang.
The weapon returns to the orc!
Something hits you.
You die...

######
......###########
.....oo{@.......#
......oh).......#
......oo........#####
......##########....#
...... ######.##.#
......#####.........#
................>#####
.... .......#.........
.... .####..#..######


You could see a hound, an orc priest and 4 orcs.

Vanquished Creatures
  Jessica (D:2)
  An orc wizard (D:4)
  3 adders
  2 worms
  2 dart slugs
  3 leopard geckos
  3 orcs
  8 bats
  2 giant cockroaches
  7 hobgoblins
  5 jackals
  8 kobolds
  A ball python (D:2)
  A ball python skeleton (D:4)
  2 frilled lizards (D:2)
  5 goblins
  2 rats (D:3)
56 creatures vanquished.

Notes
Turn   | Place    | Note
-------+----------+-------------------------------------------
     0 | Abyss:1  | Curus the Minotaur Abyssal Knight began the quest for the
                  | Orb.
     0 | Abyss:1  | Reached XP level 1. HP: 19/19 MP: 1/1
    63 | Abyss:1  | Noticed a wretched star
    64 | D:1      | Escaped the Abyss
   151 | D:1      | Reached * piety under Lugonu
   190 | D:1      | Reached XP level 2. HP: 6/26 MP: 2/2
   512 | D:1      | Reached skill level 3 in Axes
   965 | D:2      | Noticed Jessica
   973 | D:2      | Killed Jessica
   973 | D:2      | Reached XP level 3. HP: 31/31 MP: 2/4
  1090 | D:2      | Reached skill level 4 in Axes
  1130 | D:2      | Reached XP level 4. HP: 37/39 MP: 5/5
  1389 | D:2      | Reached ** piety under Lugonu
  1778 | D:3      | Found a shadowy altar of Dithmenos.
  2424 | D:4      | Reached XP level 5. HP: 2/45 MP: 6/6
  2424 | D:4      | HP: 1/45 [poisoned by an adder]
  2424 | D:4      | Slain by an orc wizard

Levels and vault maps discovered:
D:1:      roderic_chinese_lattice_arrival, layout_basic, serial_forest,
          infiniplex_forest_straight_2, infiniplex_forest_pool,
          infiniplex_forest_lined_2, infiniplex_forest_straight_4,
          minmay_nonomino_d4
D:2:      layout_loops_ring, first_ration, uniq_jessica
D:3:      layout_loops_ring, serial_rivers, chequers_serial_rivers_room_b,
          chequers_serial_rivers_room_a, chequers_serial_rivers_micro_e,
          chequers_serial_rivers_large_a, chequers_serial_rivers_micro_d,
          nicolae_dithmenos_through_a_glass_darkly
D:4:      layout_basic

Skill      XL: |  1  2  3 |
---------------+----------+-----
Invocations    | 2 3 |  3.9
Axes           | 3 4 |  4.8
Fighting       | |  3.6
Armour         | |  2.4
Dodging        | |  1.1

Action                   |  1- 3 |  4- 6 || total
-------------------------+-------+-------++-------
Melee: Hand axe          |    66 |    46 ||   112
       Headbutt          |     6 |     9 ||    15
       War axe           |       |    24 ||    24
Invok: Depart the Abyss  |     1 |       ||     1
  Use: Scroll            |     6 |     3 ||     9
       Potion            |     6 |     1 ||     7
  Eat: Chunk             |     1 |     3 ||     4
Armor: Leather armour    |    13 |     6 ||    19
       Ring mail         |       |    13 ||    13
Dodge: Dodged            |    40 |    25 ||    65
Block: Buckler           |     3 |     9 ||    12
